AoeStats
← zar

Arabia

508807916Analyzed
3v3 RM · 7d ago on Sep 24, 2026· 50m 19s· 6 players
Game mode
Random Map
Map size
Normal (6 player)
Population
200
Speed
Normal
Resources
Standard
Victory
Conquest
Starting age
Dark Age
Ending age
Imperial Age
RankedLock teamsTeams togetherTeam positionsShared explorationLock speedFull tech treeHidden civsTurbo modeCheats
Victory
Defeat
🇵🇪 Mongols · Peru
1017
+12
🇵🇪 Franks · Peru
962
+14
🇵🇪 Chinese · Peru
956
+14
🇲🇽 Romans · Mexico
938
-14
🇲🇽 Bohemians · Mexico
930
-14
🇺🇾 Georgians · Uruguay
897
-12
Piringa
10:15 Feudal Age
12:09 Wheelbarrow
11:27 Loom
12:44 Wheelbarrow
15:19 Double-Bit Axe
15:25 Gold Mining
15:18 Horse Collar
22:31 Castle Age
22:52 Scale Barding Armor
22:57 Forging
23:22 Husbandry
23:32 Bloodlines
28:00 Iron Casting
29:53 Chain Barding Armor
31:44 Bow Saw
32:56 Pikeman
33:37 Squires
33:23 Gambesons
36:33 Ballistics
36:29 Scale Mail Armor
39:12 Heavy Plow
40:29 Crossbowman
42:00 Elite Skirmisher
48:31 Imperial Age
46:18 Hand Cart
49:08 Halberdier
adanvictorl
3:16 Loom
11:17 Feudal Age
12:01 Double-Bit Axe
23:09 Castle Age
21:11 Gold Mining
21:30 Stone Mining
23:38 Wheelbarrow
36:06 Pikeman
38:11 Hand Cart
47:27 Imperial Age
guerrerotezonca
0:28 Loom
11:35 Feudal Age
17:09 Double-Bit Axe
22:49 Castle Age
20:40 Horse Collar
22:12 Wheelbarrow
22:00 Scale Barding Armor
22:05 Forging
23:32 Husbandry
24:13 Forging
24:30 Heavy Plow
28:44 Iron Casting
30:54 Scale Mail Armor
31:53 Chain Barding Armor
32:13 Hand Cart
38:25 Imperial Age
39:11 Chain Mail Armor
38:30 Cavalier
39:52 Bow Saw
39:39 Elite Hussite Wagon
42:25 Two-Man Saw
40:50 Pikeman
41:30 Squires
41:19 Arson
42:25 Halberdier
44:46 Blast Furnace
44:16 Plate Mail Armor
43:38 Fletching
43:48 Padded Archer Armor
46:55 Conscription
47:29 Bodkin Arrow
47:50 Leather Archer Armor
Mon Coeur
5:30 Loom
7:44 Feudal Age
8:46 Double-Bit Axe
19:20 Castle Age
20:17 Bow Saw
20:54 Scale Barding Armor
21:37 Horse Collar
25:42 Wheelbarrow
26:45 Forging
27:18 Bloodlines
29:40 Chain Barding Armor
29:31 Gold Mining
31:28 Heavy Plow
31:45 Hand Cart
31:55 Husbandry
36:43 Imperial Age
34:39 Light Cavalry
35:17 Stone Mining
36:24 Iron Casting
37:00 Heavy Camel Rider
39:29 Blast Furnace
39:49 Conscription
41:17 Stone Shaft Mining
46:50 Fletching
zar
0:29 Loom
11:39 Feudal Age
21:55 Castle Age
21:36 Padded Archer Armor
21:47 Forging
23:28 Double-Bit Axe
23:55 Horse Collar
24:25 Crossbowman
27:09 Fletching
30:08 Wheelbarrow
30:13 Scale Mail Armor
32:37 Gold Mining
33:17 Thumb Ring
34:22 Ballistics
34:13 Fortified Wall
39:09 Imperial Age
37:06 Great Wall
37:52 Heavy Plow
38:09 Bow Saw
38:08 Murder Holes
39:41 Gold Shaft Mining
39:30 Caravan
40:24 Iron Casting
39:45 Bodkin Arrow
41:06 Chemistry
41:48 Hand Cart
41:46 Arbalester
43:05 Conscription
44:15 Bracer
44:32 Leather Archer Armor
44:07 Town Watch
45:10 Coinage
46:50 Blast Furnace
46:04 Masonry
47:14 Banking
47:22 Chain Mail Armor
47:38 Ring Archer Armor
47:47 Rocketry
48:11 Scale Barding Armor
Skynet
10:05 Loom
11:51 Feudal Age
18:13 Castle Age
19:25 Forging
19:22 Scale Barding Armor
19:16 Double-Bit Axe
20:18 Husbandry
23:54 Iron Casting
23:31 Gold Mining
25:12 Chain Barding Armor
28:54 Wheelbarrow
28:06 Town Watch
33:40 Fletching
37:22 Imperial Age
39:11 Blast Furnace
37:37 Cavalier
45:07 Paladin
46:43 Plate Barding Armor
47:30 Conscription
49:45 Gold Shaft Mining
Connection lost

Rejoining the realm…

Still unreachable

The connection could not be restored.

Session expired

The server has moved on; the page needs a fresh start.